 Dungeon Crawl Stone Soup version 0.21.1-1-g345015fe64 (webtiles) character file.

175 Delanovic the Scratcher (level 5, -3/22 HPs)
             Began as a Felid Transmuter on Apr 23, 2018.
             Slain by a centaur skeleton (7 damage)
             ... on level 4 of the Dungeon.
             The game lasted 00:10:08 (3845 turns).

Delanovic the Scratcher (Felid Transmuter)          Turns: 3845, Time: 00:10:11

Health: -3/22      AC:  1    Str:  6    XL:     5   Next: 29%
Magic:  9/10       EV: 19    Int: 14    God:
Gold:   190        SH:  0    Dex: 18    Spells: 3/9 levels left
                                        Lives:  0   Deaths: 1

rFire    x . .     SeeInvis +     - Unarmed
rCold    + . .     Gourm    .   (shield unavailable)
rNeg     . . .     Faith    .   (armour unavailable)
rPois    .         Spirit   .   (helmet unavailable)
rElec    .         Reflect  .   (cloak unavailable)
rCorr    .         Harm     .   (gloves unavailable)
MR       .....                  (boots unavailable)
Stlth    ++........             (no amulet)
HPRegen  0.07/turn              e - ring of ice
MPRegen  0.12/turn              (no ring)

@: appendage, quick
A: very small, no armour, no weapons or thrown items, stealth, claws 1, fangs 3,
horns 2, see invisible, carnivore, speed 1, shaggy fur 1, slow metabolism 1,
sharp paws
a: End Transformation


You were on level 4 of the Dungeon.
You were not hungry.
You had grown temporary horns.
You visited 1 branch of the dungeon, and saw 5 of its levels.

You collected 190 gold pieces.

Inventory:

Missiles
 a - 11 arrows
Jewellery
 e - a ring of ice (left paw)
Wands
 s - a wand of iceblast (10)
Scrolls
 d - a scroll of remove curse {unknown}
 h - a scroll of noise {unknown}
 i - 2 scrolls of identify {unknown}
 j - 2 scrolls of magic mapping {unknown}
 k - a scroll of blinking {unknown}
 l - 2 scrolls of teleportation {unknown}
 n - a scroll of fog {unknown}
 o - a scroll of enchant weapon {unknown}
 r - 3 scrolls of enchant armour {unknown}
 t - 3 scrolls of amnesia {unknown}
Potions
 f - 5 potions of flight {unknown}
 g - 3 potions of lignification {unknown}
 m - a potion of resistance {unknown}
 p - a potion of magic {unknown}
 u - a potion of degeneration {unknown}
Books
 b - a book of Changes

   Spells                             Type                      Level
   a - Beastly Appendage              Transmutation                1
   b - Sticks to Snakes               Transmutation                2
   c - Spider Form                    Transmutation/Poison         3
   d - Ice Form                       Ice/Transmutation            4
   e - Blade Hands                    Transmutation                5
 q - a book of Misfortune

   Spells                             Type                      Level
   a - Confusing Touch                Hexes                        1
   b - Confuse                        Hexes                        3
   c - Gell's Gravitas                Translocation                3
   d - Petrify                        Transmutation/Earth          4
   e - Metabolic Englaciation         Hexes/Ice                    5
   f - Yara's Violent Unravelling     Hexes/Transmutation          5
Comestibles
 c - 11 rations


   Skills:
 + Level 2.3 Fighting
 + Level 3.9 Dodging
 - Level 1.0 Stealth
 + Level 4.1 Unarmed Combat
 + Level 2.7 Spellcasting
 + Level 3.5 Transmutations
 + Level 1.3 Poison Magic


You had 3 spell levels left.
You knew the following spells:

 Your Spells              Type           Power        Failure   Level  Hunger
a - Beastly Appendage     Tmut           ##....       4%          1    #......
b - Sticks to Snakes      Tmut           ##......     8%          2    ###....
c - Spider Form           Tmut/Pois      #.........   24%         3    ###....


Dungeon Overview and Level Annotations

Branches:
Dungeon (5/15)
 Temple: D:4-7

Altars:
Cheibriados
Fedhas
The Shining One

Shops:
D:4 (

Annotations:
D:4 Blork the orc


Innate Abilities, Weirdness & Mutations

You cannot wear armour.
You are incapable of wielding weapons or throwing items.
Your paws allow you to move quietly. (Stealth)
You have sharp claws.
You have razor-sharp teeth.
You have supernaturally acute eyesight. (SInv)
You are carnivorous and can eat meat at any time.
You cover ground quickly.
You are covered in fur. (AC +1)
You have a slow metabolism.
Your sharp claws are effective at attacking unaware monsters.
You have a pair of horns on your head.


Message History

Confirm with . or Enter, or press ? or * to list all spells.
You grow a pair of large bovine horns.
You climb downwards.
Level annotation: Blork the orc The centaur skeleton hits you.
The centaur skeleton barely misses you.
There is a stone staircase leading up, spattered with blood here.
You scratch the centaur skeleton.
You headbutt the centaur skeleton, but do no damage.
The centaur skeleton is moderately damaged.
The centaur skeleton hits you.
You scratch the centaur skeleton. You headbutt the centaur skeleton.
The centaur skeleton is severely damaged.
The centaur skeleton hits you but does no damage.
You scratch the centaur skeleton.
You headbutt the centaur skeleton, but do no damage.
The centaur skeleton is severely damaged.
The centaur skeleton hits you!
* * * LOW HITPOINT WARNING * * *
The centaur skeleton hits you!
You die...

#.### #....#..'...'......#
##....#######....#.##...##.#####
...................#######.#
........................##.#
.......(................##.#
........................##.#
.....................≈≈≈##.#
....................≈≈≈≈≈#.#
................@Z....∩≈≈#.#
....................≈≈≈≈≈#
.....................≈≈≈##
...........[............#
........................# #
........................##.#
............................
..............).......(.##.#
........................# .#


You could see a centaur skeleton.

Vanquished Creatures
  A worker ant (D:4)
  4 gnolls
  7 adders
  A worm (D:2)
  A dart slug (D:1)
  4 leopard geckos
  An orc (D:3)
  5 bats
  3 giant cockroaches
  16 goblins
  10 hobgoblins
  3 jackals (D:3)
  5 kobolds
  A quokka (D:2)
  3 frilled lizards
  7 rats
72 creatures vanquished.

Vanquished Creatures (collateral kills)
  An ogre (D:4)
1 creature vanquished.

Grand Total: 73 creatures vanquished

Notes
Turn   | Place    | Note
-------+----------+-------------------------------------------
     0 | D:1      | Delanovic the Felid Transmuter began the quest for the Orb.
     0 | D:1      | Reached XP level 1. HP: 9/9 MP: 4/4
   132 | D:1      | Reached XP level 2. HP: 12/12 MP: 4/6
   499 | D:1      | Reached skill level 1 in Stealth
   615 | D:2      | Reached XP level 3. HP: 15/15 MP: 7/7
   654 | D:2      | Found a blossoming altar of Fedhas.
   731 | D:2      | Found a faded altar of an unknown god.
   798 | D:2      | Found a glowing golden altar of the Shining One.
  1378 | D:1      | Reached XP level 4. HP: 7/19 MP: 6/8
  1636 | D:2      | Learned a level 2 spell: Sticks to Snakes
  1640 | D:2      | Learned a level 3 spell: Spider Form
  1782 | D:3      | Found a snail-covered altar of Cheibriados.
  2244 | D:3      | You fall through a shaft for 2 floors!
  2244 | D:5      | Entered Level 5 of the Dungeon
  2469 | D:5      | Noticed a gnoll sergeant
  2470 | D:5      | Reached XP level 5. HP: 22/22 MP: 7/9
  2472 | D:5      | HP: 1/22 [gnoll sergeant/trident (10)]
  2473 | D:5      | Mangled by a gnoll
  2474 | D:5      | Reached XP level 4. HP: -7/19 MP: 7/8
  2688 | D:3      | Reached skill level 1 in Poison Magic
  3313 | D:3      | Reached skill level 4 in Unarmed Combat
  3537 | D:4      | Found Eckeuni Lac's Weapon Boutique.
  3541 | D:4      | Noticed an ogre
  3558 | D:4      | Killed an ogre
  3558 | D:4      | Reached XP level 5. HP: 22/22 MP: 7/10
  3579 | D:4      | Noticed Blork the orc
  3845 | D:4      | Slain by a centaur skeleton

Skill      XL: |  1  2  3  4 |
---------------+-------------+-----
Stealth        | 1 |  1.0
Dodging        | 3 |  3.9
Transmutations | 3 |  3.5
Fighting       | 2 |  2.3
Poison Magic   | 1 |  1.3
Unarmed Combat | 4 |  4.1
Spellcasting   | |  2.7

Action                   |  1- 3 |  4- 6 || total
-------------------------+-------+-------++-------
Melee: Unarmed           |   106 |   132 ||   238
       Headbutt          |     7 |    18 ||    25
       Punch             |     2 |     7 ||     9
       Bite              |     6 |     8 ||    14
 Cast: Beastly Appendage |    17 |    19 ||    36
       Sticks to Snakes  |       |     1 ||     1
  Use: Potion            |       |     1 ||     1
 Stab: Sleeping          |     3 |     3 ||     6
  Eat: Chunk             |     2 |     8 ||    10
Armor: Skin              |     7 |     8 ||    15
Dodge: Dodged            |    82 |   103 ||   185
